 Dungeon Crawl Stone Soup version 0.30.1-3-gfc49f6343a (webtiles) character file.

Game seed: 13586129410768871127

6259 Wiggles the Severer (level 10, 0/77 HPs)
             Began as a Minotaur Berserker on July 31, 2023.
             Was a High Priest of Trog.
             Succumbed to a water moccasin's poison
             ... on level 9 of the Dungeon.
             The game lasted 00:13:26 (7821 turns).

Wiggles the Severer (Minotaur Berserker)            Turns: 7821, Time: 00:13:26

Health: 0/77       AC: 13    Str: 27    XL:     10   Next: 62%
Magic:  9/9        EV:  9    Int:  4    God:    Trog [*****.]
Gold:   528        SH:  0    Dex: 15    Spells: 9/9 levels left

rFire   . . .        c - +8 executioner's axe of Ru's Condemnation {freeze, Will+}
rCold   + + .        (shield currently unavailable)
rNeg    + . .        h - +0 chain mail
rPois   .            (helmet restricted)
rElec   +            n - +0 cloak
rCorr   .            (no gloves)
SInv    .            w - +2 pair of boots
Will    .....        l - amulet of faith Stlth
                     i - ring of Loorgh {+Blink rElec rC++ rN+ Will-}
HPRegen 0.32/turn    z - +6 ring of dexterity
MPRegen 0.11/turn

%: faith
@: lethally poisoned (0 -> -6)
A: horns 2, retaliatory headbutt
a: Renounce Religion, Evoke Blink, Berserk, Trog's Hand, Brothers in Arms


You were on level 9 of the Dungeon.
You worshipped Trog.
Trog was extremely pleased with you.
You visited 1 branch of the dungeon, and saw 9 of its levels.
You also visited: Ossuary.

You collected 673 gold pieces.
You spent 145 gold pieces at shops.

Inventory:

Hand Weapons
 a - a +1 hand axe of draining
 c - the +8 executioner's axe of Ru's Condemnation (weapon) {freeze, Will+}
   (You acquired it on level 5 of the Dungeon)

   Will:      It increases your willpower.
 G - the +5 woodcutter's axe
   (Trog gifted it to you on level 6 of the Dungeon)
Missiles
 j - 6 throwing nets (quivered)
Armour
 h - a +0 chain mail (worn)
 n - a +0 cloak (worn)
 w - a +2 pair of boots (worn)
Jewellery
 f - a +5 ring of evasion
 i - the ring of Loorgh (left hand) {+Blink rElec rC++ rN+ Will-}
   (You acquired it on level 9 of the Dungeon)

   [ring of positive energy]

   rC:        It greatly protects you from cold.
   rElec:     It insulates you from electricity.
   rN:        It protects you from negative energy.
   +Blink:    It lets you blink.
   Will:      It decreases your willpower.
 l - an amulet of faith (around neck)
 t - a ring of protection from cold
 z - a +6 ring of dexterity (right hand)
 E - a ring of protection from cold
 K - an amulet of guardian spirit
Wands
 m - a wand of iceblast (5)
 q - a wand of paralysis (5)
 u - a wand of flame (12)
 B - a wand of acid (10)
 F - a wand of digging (9)
Scrolls
 p - 2 scrolls of blinking
 x - a scroll of amnesia
 y - 3 scrolls of enchant weapon
 D - a scroll of teleportation
 I - 4 scrolls of magic mapping
Potions
 b - a potion of degeneration
 d - 6 potions of might
 e - 4 potions of curing
 g - 3 potions of berserk rage
 k - 4 potions of mutation
 o - a potion of attraction
 r - 2 potions of magic
 s - 2 potions of resistance
 v - a potion of heal wounds
 A - 2 potions of brilliance
 C - a potion of haste
 H - 2 potions of flight {unknown}


   Skills:
 - Level 3.6 Fighting
 + Level 18.9 Axes
 - Level 2.4 Armour
 - Level 2.1 Dodging


You had 9 spell levels left.
You didn't know any spells.
Your spell library was empty.

Dungeon Overview and Level Annotations

Branches:
Dungeon (9/15)             Temple (0/1) D:4            Lair (0/5) D:9
Ossuary (visited)
    Orc: D:9-12

Altars:
Ashenzari
Cheibriados
Qazlal
Trog
Uskayaw
Zin
The Shining One

Shops:
D:3 [   D:4 *   D:5 *   D:7 =


Innate Abilities, Weirdness & Mutations

You have a pair of horns on your head.
You reflexively headbutt those who attack you in melee.


Message History

You kill the water moccasin!
Trog accepts your kill.
You miss the water moccasin.
You feel sick.
The water moccasin is no longer moving slowly.
The water moccasin bites the plant!
The plant begins to die.
The water moccasin closely misses you.
You slice the black bear!! You freeze the black bear!
You kill the black bear!
Trog accepts your kill.
You miss the water moccasin.
You feel sick.
The water moccasin bites the plant.
A wyvern comes into view.
The water moccasin bites you but does no damage.
The water moccasin bites the plant.
You feel sick.
The wyvern hisses angrily.
The water moccasin bites you but does no damage.
The water moccasin bites the plant!
The water moccasin closely misses you.
You see here a black bear corpse.
Found a staircase to the Lair.
You feel sick.
The water moccasin bites the fungus.
The fungus begins to die.
The water moccasin bites you.
You are more poisoned.
The water moccasin poisons you!
You feel very sick.
A nearby fungus withers and dies.
A nearby plant withers and dies.
The water moccasin closely misses you. The wyvern bites you!
* * * LOW HITPOINT WARNING * * *
You slash the water moccasin! You freeze the water moccasin.
You kill the water moccasin!
Trog accepts your kill.
You slice the fungus!!
The fungus begins to die.
You freeze the fungus! You closely miss the wyvern. You hit the fungus.
The fungus begins to die.
You freeze the fungus.
You feel sick.
A nearby plant withers and dies.
A wyvern comes into view.
The wyvern bites you!
* * * LOW HITPOINT WARNING * * *
* * * LOW HITPOINT WARNING * * *
You feel sick.
Something bites the plant!
The plant begins to die.
You see here a water moccasin corpse.
You die...

#.+ #....... ...
#.######....... ....
#.............. ....
#.............. .....
#.##'##........
.....###+##.#...#........
.........)..#...#........
PP..P....†..#...#........
.....P.†@...#...#........
.PP..PPl....##+##........
P......P.................
P..P.S..P................
P..P..P.................#
P.P..P..................#
...P.P......#### .....
PP..P...P.P.+ ....
lP>...PP....#


You could see a water moccasin and a wyvern.

Vanquished Creatures
  The ghost of Selrock the Trooper, a novice DsGl (D:5)
  Pikel (D:7)
  2 hornets (D:8)
  A wraith (D:9)
  A steam dragon (D:7)
  Menkaure (D:6)
  6 water moccasins
  3 orc warriors (D:8)
  2 black bears (D:9)
  2 ice beasts
  2 ogres
  3 lemures (D:7)
  2 phantoms
  A kobold brigand (D:8)
  4 bullfrogs (D:9)
  3 scorpions
  A gnoll sergeant (D:6)
  8 wights
  22 killer bees
  A hound (D:5)
  A jelly (D:3)
  Crazy Yiuf (D:7)
  4 centaur zombies (Ossuary)
  7 orc priests
  2 gnoll boudas
  An iron imp (D:7)
  2 iguanas
  5 orc wizards
  5 mummies (Ossuary)
  23 gnolls
  2 adders (D:6)
  5 white imps
  3 worms
  A dart slug (D:4)
  22 orcs
  8 bats
  14 endoplasms
  2 giant cockroaches (D:2)
  9 goblins
  6 hobgoblins
  2 jackals (D:1)
  5 quokkas
  4 ball pythons
  2 frilled lizards
  A goblin zombie (D:6)
  3 hobgoblin zombies (Ossuary)
  12 kobolds
  A quokka zombie (D:6)
  12 rats
232 creatures vanquished.

Notes
Turn   | Place    | Note
-------+----------+-------------------------------------------
     0 | D:1      | Wiggles the Minotaur Berserker began the quest for the Orb.
     0 | D:1      | Reached XP level 1. HP: 19/19 MP: 0/0
   101 | D:1      | Reached skill level 4 in Axes
   134 | D:1      | Reached XP level 2. HP: 15/26 MP: 1/1
   874 | D:1      | Reached skill level 5 in Axes
   874 | D:1      | Reached XP level 3. HP: 8/31 MP: 2/2
  1495 | D:2      | Reached ** piety under Trog
  1763 | D:2      | You fall into a shaft and drop 1 floor!
  1808 | D:3      | Found Ilaokhloas's Antique Armour Emporium.
  1854 | D:3      | Reached skill level 6 in Axes
  1854 | D:3      | Reached XP level 4. HP: 36/39 MP: 3/3
  2730 | D:3      | Reached skill level 7 in Axes
  2730 | D:3      | Reached XP level 5. HP: 38/45 MP: 4/4
  2932 | D:4      | Reached *** piety under Trog
  2969 | D:4      | Found Zin's Purification Station.
  2970 | D:4      | Found a glowing silver altar of Zin.
  3030 | D:4      | Found a staircase to the Ecumenical Temple.
  3388 | D:4      | Reached skill level 8 in Axes
  3388 | D:4      | Reached XP level 6. HP: 50/51 MP: 5/5
  3492 | D:4      | Found a broken altar of Ashenzari.
  3557 | D:4      | Reached skill level 9 in Axes
  3831 | D:5      | Entered Level 5 of the Dungeon
  3906 | D:5      | Found a runed translucent door.
  3925 | D:5      | Found Kachumi's Assorted Antiques.
  3933 | D:5      | Bought a small coral ring for 145 gold pieces
  3956 | D:5      | HP: 3/76 [gnoll/+0 flail[a gnoll bouda] (2)]
  3963 | D:5      | Reached XP level 7. HP: 4/57 MP: 6/6
  4205 | D:5      | Reached **** piety under Trog
  4206 | D:5      | Reached skill level 10 in Axes
  4288 | D:5      | Noticed a moth of wrath
  4292 | D:5      | Found a bloodstained altar of Trog.
  4446 | D:5      | Noticed Selrock's ghost (novice DsGl)
  4474 | D:5      | Killed Selrock's ghost
  4475 | D:5      | Reached skill level 11 in Axes
  4475 | D:5      | Reached XP level 8. HP: 60/64 MP: 7/7
  4864 | D:5      | Identified a scroll of acquirement
  4864 | D:5      | Acquired the +8 executioner's axe of Ru's Condemnation
                  | {freeze, Will+}
  4889 | D:6      | Reached skill level 12 in Axes
  5011 | D:6      | Found a sand-covered staircase.
  5026 | Ossuary  | Entered an ossuary
  5126 | D:6      | Reached skill level 13 in Axes
  5249 | D:6      | Reached ***** piety under Trog
  5252 | D:6      | HP: 3/64 [poisoned by a gnoll sergeant]
  5456 | D:6      | Noticed Menkaure
  5461 | D:6      | Killed Menkaure
  5462 | D:6      | Reached skill level 14 in Axes
  5550 | D:6      | Reached XP level 9. HP: 70/70 MP: 8/8
  5736 | D:6      | Received a gift from Trog
  5737 | D:6      | Found the +5 woodcutter's axe
  5744 | D:6      | Reached skill level 15 in Axes
  6078 | D:7      | Found a runed translucent door.
  6079 | D:7      | Noticed Crazy Yiuf
  6132 | D:7      | Killed Crazy Yiuf
  6251 | D:7      | Found a snail-covered altar of Cheibriados.
  6344 | D:7      | Noticed Pikel
  6352 | D:7      | Killed Pikel
  6353 | D:7      | Reached skill level 16 in Axes
  6408 | D:7      | Found a glowing golden altar of the Shining One.
  6748 | D:7      | Found Pecobray's Jewellery Shop.
  6857 | D:8      | Reached skill level 17 in Axes
  6862 | D:8      | Reached XP level 10. HP: 59/77 MP: 9/9
  7409 | D:8      | Reached skill level 18 in Axes
  7507 | D:8      | Found a stormy altar of Qazlal.
  7508 | D:8      | Found a hide-covered altar of Uskayaw.
  7741 | D:9      | Acquired the ring of Loorgh {+Blink rElec rC++ rN+ Will-}
  7803 | D:9      | Received a gift from Trog
  7817 | D:9      | Found a staircase to the Lair.
  7819 | D:9      | HP: 3/77 [wyvern (7)]
  7820 | D:9      | HP: 1/77 [poisoned by a water moccasin]
  7821 | D:9      | Succumbed to a water moccasin's poison

Illustrated notes

Levels and vault maps discovered:
D:1:      erik_arrival_cave_to_civilisation [erik_arrival_cave_to_hall],
          layout_basic, kennysheep_decorative_pillar
D:2:      layout_loops_ring, minmay_pentomino_t2
D:3:      layout_basic, serial_shops, nicolae_shop_crystal
D:4:      layout_loops_ring, zin_purify, kennysheep_mini,
          minmay_temple_entry_hall, kennysheep_generic_room_8
D:5:      layout_cave_pools, tgw_trog, serial_shops, nicolae_shop_trees,
          gammafunk_ghost_grave
D:6:      layout_basic, enter_ossuary_4, st_stairs_7, uniq_menkaure
D:7:      layout_gridville, lemuel_tele_altar, chei_slow_surprise,
          minmay_shop_enchanted_jewellery, uniq_crazy_yiuf_cottage, uniq_pikel
D:8:      layout_basic, chequers_temple_overflow_statue_of_worship,
          minivault_19, st_stairs_2
D:9:      layout_irregular_city, due_lair_maze_entry_diamond

Skill      XL: |  1  2  3  4  5  6  7  8  9 10 |
---------------+-------------------------------+-----
Axes           | 4 5 6 7 8 9 11 14 17 18 | 18.9
Fighting       | |  3.6
Armour         | |  2.4
Dodging        | |  2.1

Action                     |  1- 3 |  4- 6 |  7- 9 | 10-12 || total
---------------------------+-------+-------+-------+-------++-------
  Melee: Hand axe          |    96 |   125 |    26 |       ||   247
         Headbutt          |    16 |    23 |    22 |     9 ||    70
         Punch             |     1 |     1 |     1 |       ||     3
         Executioner's axe |       |       |   103 |    73 ||   176
 Invoke: Berserk           |       |     3 |     1 |     1 ||     5
    Use: Scroll            |       |       |    20 |     5 ||    25
         Potion            |       |       |     2 |       ||     2
   Stab: Sleeping          |     1 |       |       |       ||     1
 Armour: Animal skin       |     7 |       |       |       ||     7
         Chain mail        |    24 |    40 |    50 |    32 ||   146
  Dodge: Dodged            |    64 |    71 |   116 |    54 ||   305
